Connexion

Devils vs Gulls

Created - 22 février 2024 at 05:58

Goals
1 2 3 T
Devils 0 0 0 0
Gulls 2 0 2 4
Shots
1 2 3 T
Devils 9 5 10 24
Gulls 18 15 9 42

GoalsPenalties
1st period
1. Gulls , Jean-Gabriel Pageau 31 (Dylan Sikura 30, Mirco Mueller 42) at 5:42 (PP)
2. Gulls , Lukas Vejdemo 6 (Dmitry Kulikov 37, Linus Olund 29) at 6:04
Anthony Bitetto (BIN) for Roughing (Minor) at 5:01
Cal Clutterbuck (BIN) for High sticking (Minor) at 19:04
2nd period
No Goal
Eric Robinson (BIN) for Delaying the game (Minor) at 5:13
Carey Price (BIN) for Delaying the game (Minor) at 5:45 - Zach Sanford served the penalty.
Lukas Vejdemo (SAN) for Tripping (Minor) at 7:33
3rd period
3. Gulls , Linus Olund 22 (Lukas Vejdemo 17, Dmitry Kulikov 38) at 1:04 (PP)
4. Gulls , Jean-Gabriel Pageau 32 (Phil Di Giuseppe 22, Dylan Sikura 31) at 16:29 (PP)
Ryan Murphy (BIN) for Interference (Minor) at 0:34
Dalton Thrower (BIN) for Tripping (Minor) at 15:00
Goalie Stats
Scott Wedgewood (BIN), 12 saves from 14 shots - (0,857), 27:55 minutes
Carey Price (BIN), 26 saves from 28 shots - (0,929), L, 23-16-4, 32:05 minutes
Philippe Desrosiers (SAN), 24 saves from 24 shots - (1,000), W, 23-25-2, 60:00 minutes
3 StarsOfficial
1 - Philippe Desrosiers (SAN)
2 - Jean-Gabriel Pageau (SAN)
3 - Linus Olund (SAN)
Referees : Dan Marouelli and Dave Jackson
Linesman : Brian Mach and Lonnie Cameron
Game Note
Carey Price is injured at 12:05 of 2nd period (Upper Body)
Scott Wedgewood enters game at 12:05 of 2nd period
Finance
Level 1 -- Attendance: 2000 (100,00%) -- Ticket Income $70,000
Level 2 -- Attendance: 718 (71,80%) -- Ticket Income $17,232
Total Attendance: 2718 (90,60%)
Total Ticket Income: $87,232
Other Income: $17,446
Total Income: $104,678



Team Name Goals Shots Shots Attemp Shots Blocked PIM HIT PP PK FO%
Devils 02455912150 / 1 (0%)348%
Gulls 4427582243 / 6 (50%)052%

Devils
Player Name POS G A P +/- PIM HIT SHT SB MP PP MP PP SHT PK MP PK SHT FO% FOT
Anthony BitettoD000-1203124:501:0513:0100% 0
Cal ClutterbuckLW/RW0000221016:021:0500:0000% 0
Cole CasselsC0000002017:491:0501:46037% 27
Dalton ThrowerD0000200112:440:0000:0000% 0
Doyle SomerbyD0000040122:050:4303:3900% 0
Eric RobinsonLW000022106:460:0000:210100% 1
Kirill MaksimovRW000-1011111:520:0000:00050% 2
Mackenzie MacEachernLW000-1013011:520:0000:0000% 0
Michael AndersonD0000000222:050:4303:3900% 0
Noel HofenmayerD0000010013:040:0000:1900% 0
Paul ByronC/LW/RW0000014123:120:4304:32052% 29
Pavel GogolevLW0000012016:151:0500:1200% 1
Pierre-Édouard BellemarreC/LW/RW000-1004012:030:0000:00064% 14
Ryan MurphyD000-1210225:091:0503:2000% 0
Samuel HoudeC000000106:550:0000:29075% 8
Spencer FooRW0000011020:150:4301:4600% 2
Stefan FournierLW/RW000000006:260:0000:0000% 0
Zach SanfordLW0000001021:540:4303:25130% 10
Gulls
Player Name POS G A P +/- PIM HIT SHT SB MP PP MP PP SHT PK MP PK SHT FO% FOT
Alex LimogesC/LW0000021013:400:0000:00047% 19
Arnaud DurandeauLW0001024119:432:4000:070100% 1
Dalton SmithLW000001204:460:0000:000100% 1
Dmitry KulikovD0221011020:463:0110:5100% 0
Dylan SikuraC/LW/RW0220006025:514:1900:55045% 11
Gustav BourammanD0000020014:340:0000:0000% 0
Jack BadiniC/LW0000001013:400:0000:00050% 2
Jean-Gabriel PageauC2020037021:284:1941:18067% 33
Linus OlundC1121015019:592:4010:23037% 27
Lucas CarlssonD0001002020:463:0110:5100% 0
Lukas VejdemoC/LW/RW1121247019:352:3900:0000% 0
Marcus KallionkelliLW000000000:000:0000:0000% 0
Mirco MuellerD0110021424:403:5810:5700% 0
Phil Di GiuseppeLW/RW0110020020:524:1900:5300% 0
Ryan SheaD0000023124:403:5810:5700% 0
Sam KurkerRW000000114:460:0000:0000% 0
TJ HensickC/RW0000001013:400:0000:0000% 0
Trevor MurphyD0000020114:340:0000:0000% 0



Play-by-Play

1st period


0:01 of 1st period - Jean-Gabriel Pageau wins face-off versus Paul Byron in neutral zone.
0:27 of 1st period - Icing by Jean-Gabriel Pageau.
0:28 of 1st period - Jean-Gabriel Pageau wins face-off versus Cole Cassels in Gulls zone.
0:49 of 1st period - Shot by Pavel Gogolev.
0:49 of 1st period - Shot Misses the Net.
1:22 of 1st period - Kirill Maksimov is hit by Mirco Mueller and loses puck.
1:27 of 1st period - Shot by Mackenzie MacEachern.
1:27 of 1st period - Stopped by Philippe Desrosiers without a rebound.
1:28 of 1st period - Samuel Houde wins face-off versus Linus Olund in Gulls zone.
1:47 of 1st period - Shot by Samuel Houde.
1:47 of 1st period - Shot Misses the Net.
1:49 of 1st period - Shot by Samuel Houde.
1:49 of 1st period - Shot Misses the Net.
1:53 of 1st period - Shot by Eric Robinson.
1:53 of 1st period - Stopped by Philippe Desrosiers with a rebound.
1:55 of 1st period - Shot by Anthony Bitetto.
1:55 of 1st period - Stopped by Philippe Desrosiers without a rebound.
1:56 of 1st period - Paul Byron wins face-off versus Alex Limoges in Gulls zone.
2:48 of 1st period - Icing by Lucas Carlsson.
2:49 of 1st period - Linus Olund wins face-off versus Pierre-Édouard Bellemarre in Gulls zone.
3:26 of 1st period - Shot by Kirill Maksimov.
3:26 of 1st period - Stopped by Philippe Desrosiers without a rebound.
3:27 of 1st period - Cole Cassels wins face-off versus Dylan Sikura in Gulls zone.
3:28 of 1st period - Shot by Pavel Gogolev.
3:28 of 1st period - Shot Misses the Net.
3:31 of 1st period - Icing by Mirco Mueller.
3:32 of 1st period - Cole Cassels wins face-off versus Dylan Sikura in Gulls zone.
3:32 of 1st period - Cole Cassels is hit by Ryan Shea.
3:40 of 1st period - Mirco Mueller is hit by Cal Clutterbuck and loses puck.
3:56 of 1st period - Icing by Mirco Mueller.
3:57 of 1st period - Dylan Sikura wins face-off versus Paul Byron in Gulls zone.
4:22 of 1st period - Shot by Zach Sanford.
4:22 of 1st period - Shot Blocked by Mirco Mueller.
4:24 of 1st period - Shot by Paul Byron.
4:24 of 1st period - Shot Blocked by Ryan Shea.
4:26 of 1st period - Shot by Paul Byron.
4:26 of 1st period - Stopped by Philippe Desrosiers without a rebound.
4:27 of 1st period - Linus Olund wins face-off versus Cole Cassels in Gulls zone.
4:32 of 1st period - Shot by Linus Olund.
4:32 of 1st period - Stopped by Carey Price without a rebound.
4:33 of 1st period - Linus Olund wins face-off versus Cole Cassels in Devils zone.
4:44 of 1st period - Shot by Lukas Vejdemo.
4:44 of 1st period - Shot Misses the Net.
4:46 of 1st period - Shot by Lukas Vejdemo.
4:46 of 1st period - Stopped by Carey Price without a rebound.
4:47 of 1st period - Alex Limoges wins face-off versus Paul Byron in Devils zone.
5:01 of 1st period - Minor Penalty to Anthony Bitetto for Roughing.
5:02 of 1st period - Jean-Gabriel Pageau wins face-off versus Zach Sanford in Devils zone.
5:34 of 1st period - Shot by Phil Di Giuseppe.
5:34 of 1st period - Shot Misses the Net.
5:36 of 1st period - Shot by Ryan Shea.
5:36 of 1st period - Shot Blocked by Doyle Somerby.
5:38 of 1st period - Shot by Mirco Mueller.
5:38 of 1st period - Stopped by Carey Price with a rebound.
5:42 of 1st period - Shot by Jean-Gabriel Pageau.
5:42 of 1st period - Goal by Jean-Gabriel Pageau - Devils : 0 - Gulls : 1.
5:43 of 1st period - Linus Olund wins face-off versus Pierre-Édouard Bellemarre in neutral zone.
6:04 of 1st period - Shot by Lukas Vejdemo.
6:04 of 1st period - Goal by Lukas Vejdemo - Devils : 0 - Gulls : 2.
6:05 of 1st period - Zach Sanford wins face-off versus Alex Limoges in neutral zone.
6:30 of 1st period - Alex Limoges is hit by Doyle Somerby and loses puck.
6:39 of 1st period - Shot by Jack Badini.
6:39 of 1st period - Shot Misses the Net.
6:41 of 1st period - Shot by Alex Limoges.
6:41 of 1st period - Stopped by Carey Price with a rebound.
7:21 of 1st period - Pavel Gogolev is hit by Jean-Gabriel Pageau and loses puck.
7:25 of 1st period - Icing by Cal Clutterbuck.
7:26 of 1st period - Cole Cassels wins face-off versus Linus Olund in Devils zone.
7:38 of 1st period - Shot by Lukas Vejdemo.
7:38 of 1st period - Stopped by Carey Price without a rebound.
7:39 of 1st period - Samuel Houde wins face-off versus Jean-Gabriel Pageau in Devils zone.
9:06 of 1st period - Shot by Arnaud Durandeau.
9:06 of 1st period - Stopped by Carey Price without a rebound.
9:07 of 1st period - Pierre-Édouard Bellemarre wins face-off versus Alex Limoges in Devils zone.
9:31 of 1st period - Shot by TJ Hensick.
9:31 of 1st period - Stopped by Carey Price without a rebound.
9:32 of 1st period - Paul Byron wins face-off versus Jean-Gabriel Pageau in Devils zone.
9:32 of 1st period - Paul Byron is hit by Phil Di Giuseppe.
10:43 of 1st period - Lukas Vejdemo is hit by Kirill Maksimov and loses puck.
10:48 of 1st period - Shot by Kirill Maksimov.
10:48 of 1st period - Shot Misses the Net.
10:54 of 1st period - Shot by Kirill Maksimov.
10:54 of 1st period - Shot Misses the Net.
10:56 of 1st period - Shot by Pierre-Édouard Bellemarre.
10:56 of 1st period - Stopped by Philippe Desrosiers without a rebound.
10:57 of 1st period - Alex Limoges wins face-off versus Cole Cassels in Gulls zone.
11:34 of 1st period - Shot by Pavel Gogolev.
11:34 of 1st period - Stopped by Philippe Desrosiers without a rebound.
11:35 of 1st period - Paul Byron wins face-off versus Linus Olund in Gulls zone.
12:34 of 1st period - Off-side.
12:35 of 1st period - Dylan Sikura wins face-off versus Cole Cassels in neutral zone.
12:52 of 1st period - Shot by Sam Kurker.
12:52 of 1st period - Shot Misses the Net.
12:54 of 1st period - Shot by Dalton Smith.
12:54 of 1st period - Stopped by Carey Price without a rebound.
12:55 of 1st period - Samuel Houde wins face-off versus Alex Limoges in Devils zone.
13:02 of 1st period - Shot by Samuel Houde.
13:02 of 1st period - Shot Misses the Net.
13:22 of 1st period - Shot by Eric Robinson.
13:22 of 1st period - Shot Blocked by Trevor Murphy.
13:24 of 1st period - Shot by Samuel Houde.
13:24 of 1st period - Shot Misses the Net.
15:27 of 1st period - Shot by Dylan Sikura.
15:27 of 1st period - Stopped by Carey Price with a rebound.
15:29 of 1st period - Shot by Sam Kurker.
15:29 of 1st period - Shot Misses the Net.
15:31 of 1st period - Shot by Dylan Sikura.
15:31 of 1st period - Stopped by Carey Price without a rebound.
15:32 of 1st period - Pierre-Édouard Bellemarre wins face-off versus Alex Limoges in Devils zone.
16:17 of 1st period - Shot by Dylan Sikura.
16:17 of 1st period - Shot Misses the Net.
16:47 of 1st period - Shot by Dylan Sikura.
16:47 of 1st period - Stopped by Carey Price without a rebound.
16:48 of 1st period - Zach Sanford wins face-off versus Linus Olund in Devils zone.
17:07 of 1st period - Shot by Arnaud Durandeau.
17:07 of 1st period - Stopped by Carey Price without a rebound.
17:08 of 1st period - Alex Limoges wins face-off versus Cole Cassels in Devils zone.
17:09 of 1st period - Shot by TJ Hensick.
17:09 of 1st period - Shot Hit the Post.
17:16 of 1st period - Off-side.
17:17 of 1st period - Paul Byron wins face-off versus Linus Olund in neutral zone.
17:17 of 1st period - Noel Hofenmayer is hit by Lukas Vejdemo and loses puck.
17:35 of 1st period - Zach Sanford is hit by Ryan Shea and loses puck.
17:41 of 1st period - Icing by Ryan Shea.
17:42 of 1st period - Linus Olund wins face-off versus Cole Cassels in Gulls zone.
17:51 of 1st period - Shot by Linus Olund.
17:51 of 1st period - Stopped by Carey Price without a rebound.
17:52 of 1st period - Pierre-Édouard Bellemarre wins face-off versus Dylan Sikura in Devils zone.
18:01 of 1st period - Icing by Pierre-Édouard Bellemarre.
18:02 of 1st period - Dylan Sikura wins face-off versus Pierre-Édouard Bellemarre in Devils zone.
18:13 of 1st period - Shot by Pierre-Édouard Bellemarre.
18:13 of 1st period - Deflect By Mackenzie MacEachern.
18:13 of 1st period - Shot Misses the Net.
18:21 of 1st period - Shot by Dalton Smith.
18:21 of 1st period - Stopped by Carey Price with a rebound.
18:29 of 1st period - Gustav Bouramman is hit by Mackenzie MacEachern and loses puck.
18:40 of 1st period - Shot by Sam Kurker.
18:40 of 1st period - Stopped by Carey Price without a rebound.
18:41 of 1st period - Paul Byron wins face-off versus Linus Olund in Devils zone.
18:41 of 1st period - Paul Byron is hit by Linus Olund.
18:49 of 1st period - Lukas Vejdemo is hit by Paul Byron and loses puck.
19:00 of 1st period - Shot by Paul Byron.
19:00 of 1st period - Stopped by Philippe Desrosiers without a rebound.
19:01 of 1st period - Cole Cassels wins face-off versus Jack Badini in Gulls zone.
19:01 of 1st period - Cole Cassels is hit by Dmitry Kulikov.
19:04 of 1st period - Minor Penalty to Cal Clutterbuck for High sticking.
19:05 of 1st period - Jean-Gabriel Pageau wins face-off versus Zach Sanford in Devils zone.
19:10 of 1st period - Shot by Jean-Gabriel Pageau.
19:10 of 1st period - Stopped by Carey Price without a rebound.
19:11 of 1st period - Jean-Gabriel Pageau wins face-off versus Zach Sanford in Devils zone.
19:19 of 1st period - Icing by Mirco Mueller.
19:20 of 1st period - Jean-Gabriel Pageau wins face-off versus Zach Sanford in Gulls zone.
19:33 of 1st period - Icing by Phil Di Giuseppe.
19:34 of 1st period - Zach Sanford wins face-off versus Jean-Gabriel Pageau in Gulls zone.
19:35 of 1st period - Shot by Ryan Murphy.
19:35 of 1st period - Deflect By Zach Sanford.
19:35 of 1st period - Shot Misses the Net.
19:45 of 1st period - Shot by Zach Sanford.
19:45 of 1st period - Deflect By Paul Byron.
19:45 of 1st period - Shot Blocked by Mirco Mueller.
19:57 of 1st period - Shot by Anthony Bitetto.
19:57 of 1st period - Shot Misses the Net.
19:59 of 1st period - Shot by Zach Sanford.
19:59 of 1st period - Stopped by Philippe Desrosiers with a rebound.
Goals for this period are 0 for Devils vs 2 for Gulls.
Shots for this period are 9 for Devils vs 18 for Gulls.

2nd period


0:01 of 2nd period - Dylan Sikura wins face-off versus Zach Sanford in neutral zone.
2:15 of 2nd period - Icing by Pavel Gogolev.
2:16 of 2nd period - Jean-Gabriel Pageau wins face-off versus Cole Cassels in Devils zone.
2:19 of 2nd period - Shot by Ryan Shea.
2:19 of 2nd period - Shot Blocked by Anthony Bitetto.
2:45 of 2nd period - Shot by Cole Cassels.
2:45 of 2nd period - Stopped by Philippe Desrosiers without a rebound.
2:46 of 2nd period - Linus Olund wins face-off versus Spencer Foo in Gulls zone.
2:50 of 2nd period - Lukas Vejdemo is hit by Doyle Somerby and loses puck.
3:05 of 2nd period - Shot by Paul Byron.
3:05 of 2nd period - Shot Hit the Post.
3:47 of 2nd period - Shot by Phil Di Giuseppe.
3:47 of 2nd period - Shot Misses the Net.
4:03 of 2nd period - Shot by Phil Di Giuseppe.
4:03 of 2nd period - Shot Misses the Net.
4:05 of 2nd period - Shot by Phil Di Giuseppe.
4:05 of 2nd period - Shot Misses the Net.
4:07 of 2nd period - Shot by Phil Di Giuseppe.
4:07 of 2nd period - Deflect By Dylan Sikura.
4:07 of 2nd period - Stopped by Carey Price without a rebound.
4:08 of 2nd period - Alex Limoges wins face-off versus Cole Cassels in Devils zone.
4:08 of 2nd period - Alex Limoges is hit by Noel Hofenmayer.
4:45 of 2nd period - Shot by Pavel Gogolev.
4:45 of 2nd period - Deflect By Cole Cassels.
4:45 of 2nd period - Shot Misses the Net.
4:47 of 2nd period - Shot by Pavel Gogolev.
4:47 of 2nd period - Shot Misses the Net.
5:10 of 2nd period - Shot by Trevor Murphy.
5:10 of 2nd period - Shot Misses the Net.
5:13 of 2nd period - Minor Penalty to Eric Robinson for Delaying the game.
5:14 of 2nd period - Paul Byron wins face-off versus Linus Olund in Devils zone.
5:41 of 2nd period - Shot by Arnaud Durandeau.
5:41 of 2nd period - Shot Misses the Net.
5:43 of 2nd period - Shot by Lukas Vejdemo.
5:43 of 2nd period - Shot Misses the Net.
5:45 of 2nd period - Shot by Dmitry Kulikov.
5:45 of 2nd period - Stopped by Carey Price without a rebound.
5:45 of 2nd period - Minor Penalty to Carey Price for Delaying the game.
5:46 of 2nd period - Jean-Gabriel Pageau wins face-off versus Paul Byron in Devils zone.
6:07 of 2nd period - Shot by Mirco Mueller.
6:07 of 2nd period - Shot Blocked by Michael Anderson.
6:11 of 2nd period - Shot by Ryan Shea.
6:11 of 2nd period - Stopped by Carey Price without a rebound.
6:12 of 2nd period - Paul Byron wins face-off versus Linus Olund in Devils zone.
6:35 of 2nd period - Shot by Lucas Carlsson.
6:35 of 2nd period - Stopped by Carey Price without a rebound.
6:36 of 2nd period - Jean-Gabriel Pageau wins face-off versus Paul Byron in Devils zone.
6:51 of 2nd period - Shot by Jean-Gabriel Pageau.
6:51 of 2nd period - Shot Misses the Net.
7:09 of 2nd period - Shot by Jean-Gabriel Pageau.
7:09 of 2nd period - Stopped by Carey Price without a rebound.
7:10 of 2nd period - Samuel Houde wins face-off versus Linus Olund in Devils zone.
7:10 of 2nd period - Samuel Houde is hit by Arnaud Durandeau.
7:33 of 2nd period - Minor Penalty to Lukas Vejdemo for Tripping.
7:34 of 2nd period - Pierre-Édouard Bellemarre wins face-off versus Jean-Gabriel Pageau in Gulls zone.
7:40 of 2nd period - Paul Byron is hit by Gustav Bouramman and loses puck.
7:56 of 2nd period - Icing by Anthony Bitetto.
7:57 of 2nd period - Jean-Gabriel Pageau wins face-off versus Cole Cassels in Devils zone.
8:12 of 2nd period - Shot by Anthony Bitetto.
8:12 of 2nd period - Stopped by Philippe Desrosiers with a rebound.
9:52 of 2nd period - Icing by Dalton Thrower.
9:53 of 2nd period - Pierre-Édouard Bellemarre wins face-off versus Linus Olund in Devils zone.
10:16 of 2nd period - Shot by Pierre-Édouard Bellemarre.
10:16 of 2nd period - Stopped by Philippe Desrosiers without a rebound.
10:17 of 2nd period - Jack Badini wins face-off versus Cole Cassels in Gulls zone.
11:24 of 2nd period - Shot by Dylan Sikura.
11:24 of 2nd period - Stopped by Carey Price with a rebound.
11:26 of 2nd period - Shot by Ryan Shea.
11:26 of 2nd period - Stopped by Carey Price without a rebound.
11:27 of 2nd period - Arnaud Durandeau wins face-off versus Paul Byron in Devils zone.
11:27 of 2nd period - Arnaud Durandeau is hit by Ryan Murphy.
11:39 of 2nd period - Shot by Linus Olund.
11:39 of 2nd period - Shot Misses the Net.
11:41 of 2nd period - Shot by Linus Olund.
11:41 of 2nd period - Stopped by Carey Price with a rebound.
12:03 of 2nd period - Shot by Lucas Carlsson.
12:03 of 2nd period - Stopped by Carey Price with a rebound.
12:05 of 2nd period - Shot by Lukas Vejdemo.
12:05 of 2nd period - Stopped by Carey Price without a rebound.
12:05 of 2nd period - Carey Price from Devils is injured at 12:05 of 2nd period (Upper Body).
12:05 of 2nd period - Scott Wedgewood enters game.
12:06 of 2nd period - Jean-Gabriel Pageau wins face-off versus Pierre-Édouard Bellemarre in Devils zone.
12:13 of 2nd period - Shot by Dylan Sikura.
12:13 of 2nd period - Stopped by Scott Wedgewood with a rebound.
13:07 of 2nd period - Gustav Bouramman is hit by Eric Robinson and loses puck.
13:11 of 2nd period - Off-side.
13:12 of 2nd period - Paul Byron wins face-off versus Linus Olund in neutral zone.
13:25 of 2nd period - Shot by Linus Olund.
13:25 of 2nd period - Shot Misses the Net.
13:27 of 2nd period - Shot by Linus Olund.
13:27 of 2nd period - Shot Misses the Net.
13:29 of 2nd period - Shot by Lukas Vejdemo.
13:29 of 2nd period - Deflect By Arnaud Durandeau.
13:29 of 2nd period - Stopped by Scott Wedgewood with a rebound.
13:43 of 2nd period - Shot by Lukas Vejdemo.
13:43 of 2nd period - Stopped by Scott Wedgewood without a rebound.
13:44 of 2nd period - Alex Limoges wins face-off versus Cole Cassels in Devils zone.
14:06 of 2nd period - Icing by Doyle Somerby.
14:07 of 2nd period - Jean-Gabriel Pageau wins face-off versus Cole Cassels in Devils zone.
14:46 of 2nd period - Icing by Ryan Shea.
14:47 of 2nd period - Jean-Gabriel Pageau wins face-off versus Paul Byron in Gulls zone.
14:54 of 2nd period - Shot by Dylan Sikura.
14:54 of 2nd period - Shot Blocked by Ryan Murphy.
15:12 of 2nd period - Shot by Paul Byron.
15:12 of 2nd period - Stopped by Philippe Desrosiers without a rebound.
15:13 of 2nd period - Pierre-Édouard Bellemarre wins face-off versus Linus Olund in Gulls zone.
15:14 of 2nd period - Shot by Mackenzie MacEachern.
15:14 of 2nd period - Stopped by Philippe Desrosiers with a rebound.
15:48 of 2nd period - Shot by Arnaud Durandeau.
15:48 of 2nd period - Shot Blocked by Kirill Maksimov.
15:50 of 2nd period - Shot by Lucas Carlsson.
15:50 of 2nd period - Shot Blocked by Dalton Thrower.
15:52 of 2nd period - Shot by Arnaud Durandeau.
15:52 of 2nd period - Deflect By Lukas Vejdemo.
15:52 of 2nd period - Stopped by Scott Wedgewood without a rebound.
15:53 of 2nd period - Alex Limoges wins face-off versus Paul Byron in Devils zone.
16:05 of 2nd period - Paul Byron is hit by Alex Limoges and loses puck.
16:41 of 2nd period - Icing by Anthony Bitetto.
16:42 of 2nd period - Jean-Gabriel Pageau wins face-off versus Paul Byron in Devils zone.
16:43 of 2nd period - Shot by Phil Di Giuseppe.
16:43 of 2nd period - Shot Misses the Net.
16:45 of 2nd period - Shot by Jean-Gabriel Pageau.
16:45 of 2nd period - Stopped by Scott Wedgewood without a rebound.
16:46 of 2nd period - Jean-Gabriel Pageau wins face-off versus Cole Cassels in Devils zone.
17:58 of 2nd period - Icing by Dalton Thrower.
17:59 of 2nd period - Alex Limoges wins face-off versus Pierre-Édouard Bellemarre in Devils zone.
18:13 of 2nd period - Mackenzie MacEachern is hit by Trevor Murphy and loses puck.
18:21 of 2nd period - Mackenzie MacEachern is hit by Gustav Bouramman and loses puck.
19:23 of 2nd period - Icing by Lucas Carlsson.
19:24 of 2nd period - Linus Olund wins face-off versus Samuel Houde in Gulls zone.
19:24 of 2nd period - Linus Olund is hit by Eric Robinson.
19:37 of 2nd period - Samuel Houde is hit by Arnaud Durandeau and loses puck.
Goals for this period are 0 for Devils vs 0 for Gulls.
Shots for this period are 5 for Devils vs 15 for Gulls.

3rd period


0:01 of 3rd period - Paul Byron wins face-off versus Jean-Gabriel Pageau in neutral zone.
0:14 of 3rd period - Shot by Phil Di Giuseppe.
0:14 of 3rd period - Shot Misses the Net.
0:16 of 3rd period - Shot by Mirco Mueller.
0:16 of 3rd period - Shot Blocked by Ryan Murphy.
0:18 of 3rd period - Shot by Ryan Shea.
0:18 of 3rd period - Stopped by Scott Wedgewood with a rebound.
0:20 of 3rd period - Shot by Jean-Gabriel Pageau.
0:20 of 3rd period - Shot Misses the Net.
0:32 of 3rd period - Spencer Foo is hit by Jean-Gabriel Pageau and loses puck.
0:34 of 3rd period - Minor Penalty to Ryan Murphy for Interference.
0:35 of 3rd period - Linus Olund wins face-off versus Zach Sanford in Devils zone.
1:00 of 3rd period - Shot by Lukas Vejdemo.
1:00 of 3rd period - Shot Misses the Net.
1:04 of 3rd period - Shot by Linus Olund.
1:04 of 3rd period - Goal by Linus Olund - Devils : 0 - Gulls : 3.
1:05 of 3rd period - Cole Cassels wins face-off versus Dylan Sikura in neutral zone.
1:07 of 3rd period - Off-side.
1:08 of 3rd period - Dylan Sikura wins face-off versus Pavel Gogolev in neutral zone.
1:10 of 3rd period - Off-side.
1:11 of 3rd period - Cole Cassels wins face-off versus Dylan Sikura in neutral zone.
1:38 of 3rd period - Shot by Pavel Gogolev.
1:38 of 3rd period - Stopped by Philippe Desrosiers with a rebound.
1:40 of 3rd period - Shot by Cal Clutterbuck.
1:40 of 3rd period - Shot Blocked by Sam Kurker.
2:55 of 3rd period - Michael Anderson is hit by Lukas Vejdemo and loses puck.
3:30 of 3rd period - Shot by Jack Badini.
3:30 of 3rd period - Stopped by Scott Wedgewood without a rebound.
3:31 of 3rd period - Jean-Gabriel Pageau wins face-off versus Paul Byron in Devils zone.
4:03 of 3rd period - Shot by Paul Byron.
4:03 of 3rd period - Stopped by Philippe Desrosiers without a rebound.
4:04 of 3rd period - Cole Cassels wins face-off versus Alex Limoges in Gulls zone.
4:13 of 3rd period - Shot by Cal Clutterbuck.
4:13 of 3rd period - Shot Misses the Net.
5:08 of 3rd period - Icing by Anthony Bitetto.
5:09 of 3rd period - Eric Robinson wins face-off versus Jean-Gabriel Pageau in Devils zone.
5:09 of 3rd period - Eric Robinson is hit by Phil Di Giuseppe.
5:18 of 3rd period - Icing by Gustav Bouramman.
5:19 of 3rd period - Paul Byron wins face-off versus Jean-Gabriel Pageau in Gulls zone.
5:38 of 3rd period - Shot by Spencer Foo.
5:38 of 3rd period - Shot Misses the Net.
5:56 of 3rd period - Jean-Gabriel Pageau is hit by Spencer Foo and loses puck.
6:20 of 3rd period - Icing by Dmitry Kulikov.
6:21 of 3rd period - Linus Olund wins face-off versus Cole Cassels in Gulls zone.
6:21 of 3rd period - Linus Olund is hit by Pavel Gogolev.
6:51 of 3rd period - Shot by Cole Cassels.
6:51 of 3rd period - Stopped by Philippe Desrosiers without a rebound.
6:52 of 3rd period - Alex Limoges wins face-off versus Kirill Maksimov in Gulls zone.
7:09 of 3rd period - Shot by Pierre-Édouard Bellemarre.
7:09 of 3rd period - Stopped by Philippe Desrosiers with a rebound.
7:12 of 3rd period - Icing by Jack Badini.
7:13 of 3rd period - Samuel Houde wins face-off versus Alex Limoges in Gulls zone.
7:13 of 3rd period - Stefan Fournier is hit by Mirco Mueller and loses puck.
7:16 of 3rd period - Shot by Samuel Houde.
7:16 of 3rd period - Shot Misses the Net.
7:18 of 3rd period - Shot by Samuel Houde.
7:18 of 3rd period - Stopped by Philippe Desrosiers without a rebound.
7:19 of 3rd period - Paul Byron wins face-off versus Jean-Gabriel Pageau in Gulls zone.
7:27 of 3rd period - Icing by Dmitry Kulikov.
7:28 of 3rd period - Jean-Gabriel Pageau wins face-off versus Paul Byron in Gulls zone.
7:34 of 3rd period - Off-side.
7:35 of 3rd period - Paul Byron wins face-off versus Jean-Gabriel Pageau in neutral zone.
8:01 of 3rd period - Shot by Jean-Gabriel Pageau.
8:01 of 3rd period - Stopped by Scott Wedgewood without a rebound.
8:02 of 3rd period - Linus Olund wins face-off versus Cole Cassels in Devils zone.
8:10 of 3rd period - Shot by Cal Clutterbuck.
8:10 of 3rd period - Deflect By Cole Cassels.
8:10 of 3rd period - Shot Blocked by Arnaud Durandeau.
8:12 of 3rd period - Shot by Cole Cassels.
8:12 of 3rd period - Shot Misses the Net.
8:38 of 3rd period - Shot by Cole Cassels.
8:38 of 3rd period - Shot Misses the Net.
8:40 of 3rd period - Shot by Cole Cassels.
8:40 of 3rd period - Deflect By Cal Clutterbuck.
8:40 of 3rd period - Stopped by Philippe Desrosiers without a rebound.
8:41 of 3rd period - Paul Byron wins face-off versus Jean-Gabriel Pageau in Gulls zone.
8:46 of 3rd period - Icing by Mirco Mueller.
8:47 of 3rd period - Jean-Gabriel Pageau wins face-off versus Paul Byron in Gulls zone.
9:19 of 3rd period - Shot by Spencer Foo.
9:19 of 3rd period - Shot Blocked by Mirco Mueller.
9:40 of 3rd period - Icing by Dylan Sikura.
9:41 of 3rd period - Jean-Gabriel Pageau wins face-off versus Cole Cassels in Gulls zone.
9:41 of 3rd period - Jean-Gabriel Pageau is hit by Cal Clutterbuck.
10:30 of 3rd period - Icing by Doyle Somerby.
10:31 of 3rd period - Cole Cassels wins face-off versus Alex Limoges in Devils zone.
10:31 of 3rd period - Cole Cassels is hit by Alex Limoges.
11:14 of 3rd period - Shot by Spencer Foo.
11:14 of 3rd period - Stopped by Philippe Desrosiers with a rebound.
11:16 of 3rd period - Shot by Zach Sanford.
11:16 of 3rd period - Shot Misses the Net.
11:18 of 3rd period - Shot by Paul Byron.
11:18 of 3rd period - Shot Misses the Net.
11:20 of 3rd period - Shot by Spencer Foo.
11:20 of 3rd period - Deflect By Paul Byron.
11:20 of 3rd period - Shot Misses the Net.
11:22 of 3rd period - Shot by Anthony Bitetto.
11:22 of 3rd period - Stopped by Philippe Desrosiers without a rebound.
11:23 of 3rd period - Pierre-Édouard Bellemarre wins face-off versus Linus Olund in Gulls zone.
11:36 of 3rd period - Shot by Mackenzie MacEachern.
11:36 of 3rd period - Stopped by Philippe Desrosiers without a rebound.
11:37 of 3rd period - Samuel Houde wins face-off versus Dylan Sikura in Gulls zone.
12:02 of 3rd period - Stefan Fournier is hit by Dalton Smith and loses puck.
12:45 of 3rd period - Zach Sanford is hit by Lukas Vejdemo and loses puck.
12:53 of 3rd period - Icing by Spencer Foo.
12:54 of 3rd period - Alex Limoges wins face-off versus Paul Byron in Devils zone.
13:32 of 3rd period - Cole Cassels is hit by Trevor Murphy and loses puck.
13:43 of 3rd period - Off-side.
13:44 of 3rd period - Pierre-Édouard Bellemarre wins face-off versus Linus Olund in neutral zone.
14:15 of 3rd period - Mackenzie MacEachern is hit by Lukas Vejdemo and loses puck.
14:24 of 3rd period - Shot by Pierre-Édouard Bellemarre.
14:24 of 3rd period - Shot Blocked by Mirco Mueller.
14:41 of 3rd period - Off-side.
14:42 of 3rd period - Jean-Gabriel Pageau wins face-off versus Paul Byron in neutral zone.
15:00 of 3rd period - Minor Penalty to Dalton Thrower for Tripping.
15:01 of 3rd period - Jean-Gabriel Pageau wins face-off versus Zach Sanford in Devils zone.
15:01 of 3rd period - Jean-Gabriel Pageau is hit by Doyle Somerby.
15:03 of 3rd period - Shot by Lucas Carlsson.
15:03 of 3rd period - Shot Blocked by Paul Byron.
15:17 of 3rd period - Anthony Bitetto is hit by Jean-Gabriel Pageau and loses puck.
15:51 of 3rd period - Shot by Mirco Mueller.
15:51 of 3rd period - Deflect By Linus Olund.
15:51 of 3rd period - Shot Misses the Net.
15:53 of 3rd period - Shot by Arnaud Durandeau.
15:53 of 3rd period - Deflect By Linus Olund.
15:53 of 3rd period - Shot Misses the Net.
15:55 of 3rd period - Shot by Mirco Mueller.
15:55 of 3rd period - Shot Blocked by Michael Anderson.
15:57 of 3rd period - Shot by Mirco Mueller.
15:57 of 3rd period - Shot Misses the Net.
16:29 of 3rd period - Shot by Jean-Gabriel Pageau.
16:29 of 3rd period - Goal by Jean-Gabriel Pageau - Devils : 0 - Gulls : 4.
16:30 of 3rd period - Pierre-Édouard Bellemarre wins face-off versus Alex Limoges in neutral zone.
16:51 of 3rd period - Shot by Mackenzie MacEachern.
16:51 of 3rd period - Shot Misses the Net.
17:01 of 3rd period - Shot by Pierre-Édouard Bellemarre.
17:01 of 3rd period - Stopped by Philippe Desrosiers without a rebound.
17:02 of 3rd period - Dalton Smith wins face-off versus Samuel Houde in Gulls zone.
17:30 of 3rd period - Off-side.
17:31 of 3rd period - Kirill Maksimov wins face-off versus Linus Olund in neutral zone.
17:55 of 3rd period - Shot by Linus Olund.
17:55 of 3rd period - Stopped by Scott Wedgewood without a rebound.
17:56 of 3rd period - Paul Byron wins face-off versus Alex Limoges in Devils zone.
18:14 of 3rd period - Off-side.
18:15 of 3rd period - Cole Cassels wins face-off versus Linus Olund in neutral zone.
18:36 of 3rd period - Shot by Arnaud Durandeau.
18:36 of 3rd period - Stopped by Scott Wedgewood without a rebound.
18:37 of 3rd period - Paul Byron wins face-off versus Jean-Gabriel Pageau in Devils zone.
19:04 of 3rd period - Shot by Jean-Gabriel Pageau.
19:04 of 3rd period - Stopped by Scott Wedgewood without a rebound.
19:05 of 3rd period - Cole Cassels wins face-off versus Linus Olund in Devils zone.
19:28 of 3rd period - Shot by Lukas Vejdemo.
19:28 of 3rd period - Stopped by Scott Wedgewood without a rebound.
19:29 of 3rd period - Jean-Gabriel Pageau wins face-off versus Spencer Foo in Devils zone.
19:29 of 3rd period - Jean-Gabriel Pageau is hit by Doyle Somerby.
Goals for this period are 0 for Devils vs 2 for Gulls.
Shots for this period are 10 for Devils vs 9 for Gulls.